 Dungeon Crawl Stone Soup version 0.31-a0-774-g0d66cbabe8 (webtiles) character file.

Game seed: 12328582633519358059

134 cforsyth the Trooper (level 5, -4/36 HPs)
             Began as a Djinni Delver on Sept 17, 2023.
             Was a Believer of Hepliaklqana.
             Blown up by Ijyb (15 damage)
             ... with a mindburst bolt
             ... on level 3 of the Dungeon.
             The game lasted 00:04:12 (2675 turns).

cforsyth the Trooper (Djinni Delver)                Turns: 2675, Time: 00:04:12

Health: -4/36      AC: 10    Str: 17    XL:     5   Next: 40%
Gold:   151        EV: 12    Int: 13    God:    Hepliaklqana [**....] SH:  0 Dex: 15

rFire   + + .        r - +1 short sword (protect)
rCold   x . .        (no shield)
rNeg    . . .        b - +0 leather armour
rPois   ∞            (no helmet)
rElec   .            (no cloak)
rCorr   .            (no gloves)
SInv    .            (boots unavailable)
Will    .....        (no amulet)
Stlth   ++           e - +6 ring of strength
HPRegen 0.26/turn    (no ring)
MPRegen 0.00/turn

%: infuse magic (-5 HP)
@: weak-willed, under a protective aura, jinxed, flying
A: reduced essence, sickness immunity, fire resistance 2, cold vulnerability 1,
float, innate caster, HP casting, extra vitality 1
a: Renounce Religion, Ancestor Life: Knight, Ancestor Life: Battlemage, Ancestor
Life: Hexer, Recall Ancestor, Ancestor Identity


You were on level 3 of the Dungeon.
You worshipped Hepliaklqana.
Hepliaklqana was pleased with you.
You visited 2 branches of the dungeon, and saw 6 of its levels.

You collected 151 gold pieces.

Inventory:

Hand Weapons
 a - a +0 falchion
 r - a +1 short sword of protection (weapon)
 u - a +2 long sword of holy wrath
Armour
 b - a +0 leather armour (worn)
Jewellery
 e - a +6 ring of strength (left hand)
Wands
 g - a wand of digging (3)
Scrolls
 c - a scroll of fog
 d - 2 scrolls of revelation
 h - 6 scrolls of identify {unknown}
 l - 2 scrolls of vulnerability {unknown}
 m - 2 scrolls of enchant weapon {unknown}
 n - 2 scrolls of noise {unknown}
 q - 2 scrolls of poison {unknown}
 s - a scroll of teleportation {unknown}
 t - a scroll of butterflies {unknown}
 v - a scroll of enchant armour {unknown}
Potions
 f - a potion of haste
 i - 2 potions of lignification {unknown}
 j - a potion of mutation {unknown}
 k - a potion of heal wounds {unknown}
 o - a potion of invisibility {unknown}
 p - a potion of berserk rage {unknown}
 w - a potion of experience {unknown}
 x - a potion of attraction {unknown}


   Skills:
 + Level 4.3 Fighting
 - Level 1.7 Long Blades
 - Level 2.1 Dodging
 - Level 4.1 Stealth
 * Level 2.4 Spellcasting
 * Level 2.4 Conjurations
 * Level 2.4 Hexes
   Level 0.0 Charms
 * Level 2.4 Summonings
 * Level 2.4 Necromancy
 * Level 2.4 Translocations
 * Level 2.4 Transmutations
 * Level 2.4 Fire Magic
 * Level 2.4 Ice Magic
 * Level 2.4 Air Magic
 * Level 2.4 Earth Magic
 * Level 2.4 Poison Magic


You knew the following spells:

 Your Spells              Type           Power      Damage    Failure   Level
a - Slow                  Hex            28%        N/A       11%         1
b - Jinxbite              Hex            14%        N/A       17%         2
Your spell library was empty.

Dungeon Overview and Level Annotations

Branches:
Dungeon (5/15)             Temple (1/1) D:5

Altars:
Ashenzari
Cheibriados
Dithmenos
Elyvilon
Fedhas
Gozag
Hepliaklqana
Makhleb
Okawaru
Qazlal
Ru
Uskayaw
Wu Jian
Xom
Yredelemnul
Zin

Annotations:
D:3 Ijyb


Innate Abilities, Weirdness & Mutations

Your life essence is reduced to manifest your ancestor. (-10% HP)
You are immune to sickness and miasma.
You are immune to poison.
Your flesh is very heat resistant. (rF++)
You are vulnerable to cold. (rC-)
You float through the air rather than walking.
You learn spells naturally, not from books.
Your magical power is your life essence.
You have superior vitality. (+4 MHP)


Message History

Press: ? - help, v - describe, . - travel
Here: Ijyb, wielding a +0 club, wearing a +0 chain mail and carrying a wand of mindburst (ally target)
The floor.
You swap places.
Ijyb zaps a wand.
Hori barely resists.
Ijyb zaps a wand.
Hori barely resists.
Ijyb barely misses Hori.
Hori barely misses Ijyb.
Ijyb zaps a wand.
Hori's mind is blasted!
Hori misses Ijyb.
You swap places.
Ijyb hits you with a +0 club!
You barely miss Ijyb. Ijyb hits you with a +0 club.
You closely miss Ijyb.
Ijyb zaps a wand.
You struggle to resist.
Okay, then.
Cast which spell? (? or * to list)
You beckon some vexing sprites to accompany your attacks.
You feel your willpower being sapped. Ijyb hits you with a +0 club.
You hit Ijyb but do no damage.
Your weapon exudes an aura of protection.
Ijyb zaps a wand.
You barely resist. You hit Ijyb but do no damage.
Ijyb grins evilly.
Ijyb zaps a wand.
Your mind is blasted!
You closely miss Ijyb. Ijyb barely misses you.
You closely miss Ijyb. Ijyb hits you with a +0 club.
* * * LOW HITPOINT WARNING * * *
You hit Ijyb.
Ijyb is lightly wounded.
Ijyb hits you but does no damage.
You hit Ijyb but do no damage.
Ijyb is lightly wounded.
Ijyb hits you but does no damage.
You hit Ijyb but do no damage.
Ijyb is lightly wounded.
Ijyb barely misses you.
You hit Ijyb.
Ijyb is lightly wounded.
A giggling sprite leaps out and makes Ijyb trip over her own feet.
Ijyb is moderately wounded.
Ijyb zaps a wand.
Your mind is blasted!
You die...

## .# .###
...##############################
#..............R@g.......)....J>.
#.##########################.....
#.## ##.# ##.8.8 #..#### ##..#
#########.._. ##....## #...#
##.....#...8.8 ##.##..#
#.#R###............. ...###.####
##.#.##............r.
#####.....###..#.##..............
#....)....##.##...........


You could see the friendly Hori the ancestor and Ijyb (very drained, ally
target).

Vanquished Creatures
  2 adders
  A worm (D:2)
  2 orcs (D:3)
  6 ball pythons
  4 bats
  3 endoplasms
  3 giant cockroaches
  4 goblins
  7 hobgoblins
  3 jackals (D:3)
  2 quokkas
  3 frilled lizards (D:1)
  9 kobolds
  8 rats
57 creatures vanquished.

Vanquished Creatures (collateral kills)
  An orc priest (D:3)
  A gnoll (D:3)
  2 worms (D:3)
  An orc (D:3)
  A giant cockroach (D:1)
  A bat (D:1)
7 creatures vanquished.

Grand Total: 64 creatures vanquished

Notes
Turn   | Place    | Note
-------+----------+-------------------------------------------
     0 | D:5      | cforsyth the Djinni Delver began the quest for the Orb.
     0 | D:5      | Reached XP level 1. HP: 20/20 MP: 0/0
    23 | D:5      | Found a broken altar of Ashenzari.
   102 | D:5      | Found a staircase to the Ecumenical Temple.
   106 | D:5      | Noticed an ice beast
   138 | D:5      | Noticed an iguana
   151 | Temple   | Entered the Ecumenical Temple
   222 | Temple   | Became a worshipper of Hepliaklqana the Forgotten
   336 | D:4      | Noticed a scorpion
   406 | D:3      | Found a faded altar of an unknown god.
   424 | D:4      | Reached XP level 2. HP: 17/25 MP: 0/0
   488 | D:4      | Reached skill level 1 in Spellcasting
   488 | D:4      | Reached skill level 1 in Conjurations
   488 | D:4      | Reached skill level 1 in Hexes
   488 | D:4      | Reached skill level 1 in Summonings
   488 | D:4      | Reached skill level 1 in Necromancy
   488 | D:4      | Reached skill level 1 in Translocations
   488 | D:4      | Reached skill level 1 in Transmutations
   488 | D:4      | Reached skill level 1 in Fire Magic
   488 | D:4      | Reached skill level 1 in Ice Magic
   488 | D:4      | Reached skill level 1 in Air Magic
   488 | D:4      | Reached skill level 1 in Earth Magic
   488 | D:4      | Reached skill level 1 in Poison Magic
   565 | D:3      | Found a basalt altar of Yredelemnul.
   594 | D:3      | Reached XP level 3. HP: 30/30 MP: 0/0
   594 | D:3      | Learned a level 1 spell: Slow
   658 | D:2      | Found a white marble altar of Elyvilon.
   718 | D:1      | Reached * piety under Hepliaklqana
  1504 | D:2      | Reached XP level 4. HP: 33/33 MP: 0/0
  1718 | D:2      | Reached ** piety under Hepliaklqana
  2372 | D:3      | Reached XP level 5. HP: 26/36 MP: 0/0
  2372 | D:3      | Learned a level 2 spell: Jinxbite
  2657 | D:3      | Noticed Ijyb
  2675 | D:3      | Blown up by Ijyb

Illustrated notes

Levels and vault maps discovered:
D:1:      kilobyte_arrival_exit_the_forest, layout_basic, nrook_loot_triangle,
          nicolae_titane
D:2:      layout_loops_ring, basic_altar, kennysheep_generic_room_14
D:3:      minmay_wonky_spiral, layout_rooms, nicolae_yredelemnul_corpse_copse,
          chequers_ecumenical_altar_simple, minmay_cupped, uniq_ijyb
D:4:      layout_loops_cross, mainiacjoe_overflow_six_doors_small,
          mainiacjoe_overflow_alcove_4, chequers_decorated_corner
D:5:      layout_loops_cross, nicolae_ashenzari_skybound,
          minmay_temple_entry_antechambers, serial_shops,
          nicolae_shop_overgrown_old_shop, shop
Temple:   eino_temple_rhombus

Skill      XL: |  1  2  3  4 |
---------------+-------------+-----
Spellcasting   | 1 2 |  2.4
Conjurations   | 1 2 |  2.4
Hexes          | 1 2 |  2.4
Summonings     | 1 2 |  2.4
Necromancy     | 1 2 |  2.4
Translocations | 1 2 |  2.4
Transmutations | 1 2 |  2.4
Fire Magic     | 1 2 |  2.4
Ice Magic      | 1 2 |  2.4
Air Magic      | 1 2 |  2.4
Earth Magic    | 1 2 |  2.4
Poison Magic   | 1 2 |  2.4
Fighting       | 4 |  4.3
Long Blades    | |  1.7
Dodging        | |  2.1
Stealth        | |  4.1

Action                     |  1- 3 |  4- 6 || total
---------------------------+-------+-------++-------
  Melee: Falchion          |    71 |       ||    71
         Short sword       |     7 |   129 ||   136
         Punch             |     1 |     3 ||     4
   Cast: Jinxbite          |       |     1 ||     1
    Use: Scroll            |     1 |       ||     1
   Stab: Sleeping          |     6 |     3 ||     9
 Armour: Leather armour    |    38 |    63 ||   101
  Dodge: Dodged            |    34 |    74 ||   108

Table legend: (Time is in decaauts)
 A = Elapsed time spent in this place.
 B = Non-inter-level travel time spent in this place.
 C = Inter-level travel time spent in this place.
 D = Time resting spent in this place.
 E = Time spent auto-exploring this place.
 F = Levels seen in this place.
 G = Mean time per level.
                   A        B        C        D        E       F      G
               +--------+--------+--------+--------+--------+-----+--------+
         Total |   2682 |   2501 |    181 |     95 |   1796 |   6 |  447.0 |
       Dungeon |   2600 |   2438 |    162 |     34 |   1796 |   5 |  520.0 |
        Temple |     81 |     62 |     19 |     61 |      0 |   1 |   81.0 |
               +--------+--------+--------+--------+--------+-----+--------+

Top non-repeatable levels by time:
     D:1: 806 daAuts
     D:2: 742 daAuts
     D:3: 576 daAuts
     D:4: 294 daAuts
     D:5: 180 daAuts
  Temple: 81 daAuts
